 Dungeon Crawl Stone Soup version 0.31.0-12-g77e489cdc1 (webtiles) character file.

Game seed: 14157770981825815087

272 spaghetti the Cutter (level 6, -1/47 HPs)
             Began as a Demonspawn Chaos Knight on Feb 16, 2024.
             Was a Plaything of Xom.
             Incinerated by a bombardier beetle (4 damage)
             ... with a burning spray
             ... on level 3 of the Dungeon.
             The game lasted 00:04:02 (3347 turns).

spaghetti the Cutter (Demonspawn Chaos Knight)      Turns: 3347, Time: 00:04:03

Health: -1/47      AC: 21    Str: 18    XL:     6   Next: 2%
Magic:  5/7        EV: 12    Int: 13    God:    Xom [.*....]
Gold:   195        SH:  0    Dex: 14    Spells: 1/6 levels left

rFire   . . .        f - +2 dagger (protect)
rCold   . . .        (no shield)
rNeg    . . .        b - +2 leather armour
rPois   .            (helmet restricted)
rElec   .            (no cloak)
rCorr   .            (no gloves)
SInv    .            (no boots)
Will    .....        (no amulet)
Stlth   +            d - +6 ring of strength
HPRegen 0.27/turn    (no ring)
MPRegen 0.10/turn

%: no passive effects
@: on fire, sanguine armoured, under a protective aura, very slightly
contaminated, glowing
A: horns 1, powered by death 1, sanguine armour 2
a: Renounce Religion


You were on level 3 of the Dungeon.
You worshipped Xom.
You were a plaything of Xom.
You visited 1 branch of the dungeon, and saw 3 of its levels.

You collected 195 gold pieces.

Inventory:

Hand Weapons
 a - a +0 short sword of chaos
 f - a +2 dagger of protection (weapon)
Armour
 b - a +2 leather armour (worn)
Jewellery
 d - a +6 ring of strength (left hand)
Scrolls
 c - 2 scrolls of butterflies
 g - a scroll of poison
 h - 3 scrolls of identify
Potions
 j - 2 potions of attraction


   Skills:
 - Level 3.0 Fighting
 + Level 4.2 Short Blades
 - Level 1.7 Armour
 + Level 2.4 Dodging
 + Level 3.3 Stealth
 + Level 0.7 Spellcasting
 + Level 0.8 Summonings


You had one spell level left.
You knew the following spells:

 Your Spells              Type           Power      Damage    Failure   Level
a - Call Imp              Summ           4%         N/A       36%         2
b - Call Canine Familiar  Summ           2%         N/A       58%         3

Your spell library contained the following spells:

 Spells                   Type           Power      Damage    Failure   Level
 Summon Small Mammal      Summ           8%         N/A       24%         1
 Magic Dart               Conj           0%         1d3       34%         1
 Blink                    Tloc           0%         N/A       45%         2
 Cigotuvi's Dreadful Rot  Necr/Alch/Air  0%         N/A       45%         2
 Martyr's Knell           Necr/Summ      1%         N/A       96%         4
 Summon Blazeheart Golem  Fire/Summ      1%         N/A       96%         4
 Dispel Undead            Necr           0%         3d6       98%         4
 Death Channel            Necr           0%         N/A       100%        6


Dungeon Overview and Level Annotations

Branches:
Dungeon (3/15)

Altars:
Makhleb
Nemelex Xobeh
Trog

Shops:
D:1 :

Annotations:
D:3 3 runed translucent doors, monsoonserge's ghost, amateur SpMo


Innate Abilities, Weirdness & Mutations

You have a pair of small horns on your head.
You regenerate a little health from kills.
When seriously injured, your blood forms thick armour. (AC +9)


Message History

The burning spray hits you.
You are covered in liquid fire!
You hit the bombardier beetle but do no damage.
Your weapon exudes an aura of protection.
The bombardier beetle is almost dead.
The liquid fire burns you!
Unknown command.
You hit the bombardier beetle but do no damage.
The bombardier beetle is almost dead.
The liquid fire burns you!
* * * LOW HITPOINT WARNING * * *
The bombardier beetle bites you but does no damage.
Unknown command.
Okay, then.
Okay, then.
Okay, then.
You shake off some of the fire as you move.
The liquid fire burns you!
* * * LOW HITPOINT WARNING * * *
Unknown command.
You shake off some of the fire as you move.
The liquid fire burns you!
* * * LOW HITPOINT WARNING * * *
The bombardier beetle sprays incendiary fluid at you.
The burning spray hits you.
You are even more covered in liquid fire!
Unknown command.
Cast which spell? (? or * to list)
You miscast Call Imp.
You are very lightly contaminated with residual magic.
Nothing appears to happen.
The liquid fire burns you!
* * * LOW HITPOINT WARNING * * *
The bombardier beetle sprays incendiary fluid at you.
The burning spray misses you.
Unknown command.
Unknown command.
You shake off some of the fire as you move.
The liquid fire burns you!
You die...

#.# #..... ### #.# #..... ...
##+## ##.... #.#######...##
##... ##.....##.....## ##
##.# .##......#.......##
##.###.#
..................####...##.#
#.................'..........
........B...@.....####...##.#
###.....##...[...## ##.....#
##._..###.....## ##.####
#...## ##...## #.# #.## ##'##
#.# #. #.# #.# # #.# #.#
##.##########.#
##...#.......#.#


You could see a bombardier beetle.

Vanquished Creatures
  2 bombardier beetles (D:3)
  Terence (D:2)
  Jessica (D:2)
  9 adders
  A gnoll (D:3)
  A ribbon worm (D:3)
  2 dart slugs
  2 orcs (D:3)
  4 endoplasms
  A giant cockroach (D:1)
  8 goblins
  5 hobgoblins
  5 kobolds
  4 quokkas
  3 ball pythons
  5 bats
  3 frilled lizards
  8 rats
65 creatures vanquished.

Notes
Turn   | Place    | Note
-------+----------+-------------------------------------------
     0 | D:1      | spaghetti the Demonspawn Chaos Knight began the quest for
                  | the Orb.
     0 | D:1      | Reached XP level 1. HP: 18/18 MP: 1/1
    72 | D:1      | Reached skill level 1 in Stealth
    78 | D:1      | Reached skill level 3 in Short Blades
   114 | D:1      | Gained mutation: When seriously injured, your blood forms
                  | armour. (AC +9) [demonic ancestry]
   114 | D:1      | Reached XP level 2. HP: 24/24 MP: 2/2
   222 | D:1      | Found Himossal's Vocational Training.
   628 | D:1      | XOM: silly message
   653 | D:1      | XOM: divination: magic mapping
   662 | D:1      | XOM: silly message
   947 | D:1      | XOM: silly message
   999 | D:1      | Found a faded altar of an unknown god.
  1099 | D:2      | Found a bloodstained altar of Trog.
  1119 | D:2      | Noticed Jessica
  1125 | D:2      | XOM: silly message
  1126 | D:2      | XOM: potion effect (brilliance)
  1127 | D:2      | XOM: potion effect (invisibility)
  1135 | D:2      | Killed Jessica
  1136 | D:2      | Gained mutation: You have a pair of small horns on your
                  | head. [demonic ancestry]
  1136 | D:2      | Reached XP level 3. HP: 20/29 MP: 3/3
  1417 | D:2      | Reached skill level 1 in Dodging
  1436 | D:2      | Gained mutation: When seriously injured, your blood forms
                  | thick armour. (AC +9) [demonic ancestry]
  1436 | D:2      | Reached XP level 4. HP: 18/35 MP: 4/4
  1616 | D:2      | Noticed Terence
  1628 | D:2      | Killed Terence
  1698 | D:2      | Reached XP level 5. HP: 27/41 MP: 5/5
  1716 | D:2      | XOM: cloud trail
  2049 | D:2      | Reached skill level 4 in Short Blades
  2122 | D:2      | XOM: silly message
  2318 | D:3      | XOM: 3-stop teleportation journey
  2406 | D:3      | Learned a level 2 spell: Call Imp
  2482 | D:3      | Found a runed translucent gate.
  2484 | D:3      | Found a runed translucent gate.
  2487 | D:3      | Noticed monsoonserge's ghost (amateur SpMo)
  2489 | D:3      | Found a runed translucent gate.
  2773 | D:3      | XOM: enchant monster (bad)
  2785 | D:3      | Gained mutation: You regenerate a little health from kills.
                  | [demonic ancestry]
  2785 | D:3      | Reached XP level 6. HP: 13/47 MP: 5/7
  2821 | D:3      | Learned a level 3 spell: Call Canine Familiar
  2928 | D:3      | XOM: 8-stop teleportation journey
  2945 | D:3      | Found a sparkling altar of Nemelex Xobeh.
  3240 | D:3      | XOM: silly message
  3323 | D:3      | Found a burning altar of Makhleb.
  3335 | D:3      | XOM: confusion
  3347 | D:3      | Incinerated by a bombardier beetle

Illustrated notes

Levels and vault maps discovered:
D:1:      elethiomel_arrival_infinity_welcomes_careful_drivers,
          layout_loops_corners, shapermc_ecumenical_altar_hornbeckon,
          reono_crystal_passage, nicolae_shop_vocational
D:2:      minmay_skewed_foursquare, layout_loops_ring, basic_altar, hex_large,
          nicolae_half_adder, uniq_terence, uniq_jessica
D:3:      minmay_octagon_keep, layout_loops_corners, elyvilon_altar_4,
          lemuel_round_altar, bloody_makhleb, gammafunk_ghost_nasty_kobolds

Skill      XL: |  1  2  3  4  5 |
---------------+----------------+-----
Stealth        | 1 2 3 |  3.3
Short Blades   | 3 4 |  4.2
Dodging        | 1 2 |  2.4
Fighting       | |  3.0
Armour         | |  1.7
Spellcasting   | |  0.7
Summonings     | |  0.8

Action                     |  1- 3 |  4- 6 || total
---------------------------+-------+-------++-------
  Melee: Short sword       |    66 |       ||    66
         Punch             |     2 |     2 ||     4
         Dagger            |    30 |   169 ||   199
         Headbutt          |     5 |    25 ||    30
    Use: Potion            |     1 |     4 ||     5
         Scroll            |       |     5 ||     5
   Stab: Sleeping          |     3 |     2 ||     5
         Paralysed         |     1 |       ||     1
         Invisible         |     2 |       ||     2
 Armour: Leather armour    |    58 |    69 ||   127
  Dodge: Dodged            |    49 |    98 ||   147
